 Dungeon Crawl Stone Soup version 0.23.1 (webtiles) character file.

Game seed: 1169691981266512235

4651 Fang the Fighter (level 10, 0/65 HPs)
             Began as a Gargoyle Berserker on Mar 8, 2019.
             Was an Elder of Trog.
             Slain by a six-headed hydra (5 damage)
             ... on level 9 of the Dungeon.
             The game lasted 00:08:41 (9586 turns).

Fang the Fighter (Gargoyle Berserker)               Turns: 9586, Time: 00:08:42

Health: 0/65       AC: 22    Str: 26    XL:     10   Next: 43%
Magic:  10/10      EV: 16    Int:  9    God:    Trog [****..]
Gold:   147        SH:  0    Dex: 12    Spells: 9/9 levels left

rFire    . . .     SeeInvis .   t - +9 battleaxe of Gitixia {chop, Str+3}
rCold    . . .     Gourm    .   (shield currently unavailable)
rNeg     + . .     Faith    .   i - +1 plate armour
rPois    ∞         Spirit   .   (no helmet)
rElec    +         Reflect  .   (no cloak)
rCorr    .         Harm     .   (no gloves)
MR       .....                  (no boots)
Stlth    ..........             (no amulet)
HPRegen  0.20/turn              n - +3 ring of dexterity
MPRegen  0.12/turn              e - +6 ring of evasion

@: no status effects
A: negative energy resistance 1, electricity resistance, unbreathing,
petrification resistance, rot immunity, AC +7
a: Berserk, Trog's Hand, Brothers in Arms, Renounce Religion


You were on level 9 of the Dungeon.
You worshipped Trog.
Trog was greatly pleased with you.
You were hungry.

You visited 2 branches of the dungeon, and saw 10 of its levels.

You collected 515 gold pieces.
You spent 368 gold pieces at shops.

Inventory:

Hand Weapons
 t - the +9 battleaxe of Gitixia (weapon) {chop, Str+3}
   (You bought it in a shop on level 9 of the Dungeon)

   It inflicts extra damage upon your enemies.
   It affects your strength (+3).
 C - a +2 war axe
Armour
 i - a +1 plate armour (worn)
Jewellery
 e - a +6 ring of evasion (right hand)
 n - a +3 ring of dexterity (left hand)
Wands
 a - a wand of random effects (10)
 r - a wand of digging (5)
 z - a wand of polymorph (10)
 B - a wand of iceblast (14)
 D - a wand of acid (6)
Scrolls
 f - 6 scrolls of remove curse
 g - 2 scrolls of magic mapping
 m - 6 scrolls of teleportation
 s - a scroll of fog
 u - a scroll of blinking
Potions
 b - a potion of haste
 d - 2 potions of flight
 h - a potion of agility
 j - 3 potions of might
 k - 6 potions of curing
 l - a potion of ambrosia
 p - a potion of berserk rage
 q - 2 potions of brilliance
 w - 3 potions of mutation
 x - 2 potions of magic
 A - 2 potions of cancellation
Comestibles
 c - 10 rations
 o - 8 chunks of flesh


   Skills:
 + Level 8.9 Fighting
 + Level 7.4 Axes
 + Level 8.5 Armour
 + Level 6.4 Dodging


You had 9 spell levels left.
You didn't know any spells.
Your spell library was empty.

Dungeon Overview and Level Annotations

Branches:
Dungeon (9/15)             Temple (1/1) D:4            Lair (0/6) D:9
    Orc: D:9-12

Altars:
Elyvilon
Fedhas
Kikubaaqudgha
Okawaru
Qazlal
Ru
Sif Muna
Uskayaw
Vehumet
Zin
The Shining One

Shops:
D:4 :   D:5 *   D:6 %   D:9 ((}:

Annotations:
D:8 exclusion: oklob plant


Innate Abilities, Weirdness & Mutations

You are resistant to torment.
Your stone body is resilient. (AC +7)
You are immune to poison.
You resist negative energy. (rN+)
You are resistant to electric shocks. (rElec)
You can survive without breathing.
You are immune to petrification.
You are immune to rotting.


Message History

The six-headed hydra completely misses you.
The six-headed hydra barely misses you.
The frost giant gestures at you while chanting.
The bolt of cold misses you.
The six-headed hydra bites you but does no damage.
The six-headed hydra completely misses you.
The six-headed hydra barely misses you.
The six-headed hydra closely misses you.
The six-headed hydra bites you but does no damage. x2
Your two-headed ogre goes berserk!
You are feeling hungry.
The frost giant casts a spell at you. The bolt of cold hits you!!!
Ouch! That really hurt!
* * * LOW HITPOINT WARNING * * *
The six-headed hydra barely misses you.
The six-headed hydra closely misses you.
The six-headed hydra bites you but does no damage.
The six-headed hydra bites you.
You die...

#########
#.'...#[)
#######.#...#=|###
........#.÷.#..C.#
.....####†÷.#..D.#
.....# #...####@#
.....# #.....O..#
.##### #........#
.# #........# .#
########## ...
.### .. .####


You could see a frost giant, a six-headed hydra and a friendly two-headed ogre
(berserk).

Vanquished Creatures
  A rime drake (shapeshifter) (D:9)
  3 hippogriffs
  2 hungry ghosts
  A human (D:8)
  A wraith (D:9)
  2 porcupines (D:9)
  2 black bears (D:9)
  A phantom (D:7)
  2 sky beasts
  A necrophage (D:8)
  2 ogres (D:5)
  The ghost of darkcelibi666 the Poker, an amateur MfFi (D:3)
  3 centaurs
  A crocodile (D:9)
  6 bullfrogs
  A scorpion (D:4)
  4 killer bees (D:5)
  2 wights
  5 howler monkeys
  5 crimson imps
  A quasit (D:6)
  5 hounds
  4 bullfrog skeletons
  An orc priest (D:5)
  An orc wizard (D:8)
  Crazy Yiuf (D:2)
  2 centaur skeletons
  3 iguanas
  7 worker ants
  A hound zombie (D:5)
  A hound skeleton (D:6)
  4 gnolls (D:2)
  A howler monkey skeleton (D:9)
  11 adders
  4 shadow imps
  An ooze (D:2)
  6 worms
  8 leopard geckos
  25 orcs
  A ball python (D:3)
  5 giant cockroaches
  2 hobgoblins (D:2)
  3 jackals (D:9)
  5 quokkas
  4 bats
  3 frilled lizards
  7 goblins
  8 kobolds
  A leopard gecko skeleton (D:4)
  A leopard gecko zombie (D:8)
  A quokka skeleton (D:5)
  7 rats
  A fungus (D:9)
  A plant (D:9)
183 creatures vanquished.

Vanquished Creatures (others)
  A quokka (D:5)
  3 fungi (D:9)
  A plant (D:9)
5 creatures vanquished.

Grand Total: 188 creatures vanquished

Notes
Turn   | Place    | Note
-------+----------+-------------------------------------------
     0 | D:1      | Fang the Gargoyle Berserker began the quest for the Orb.
     0 | D:1      | Reached XP level 1. HP: 14/14 MP: 1/1
  1119 | D:2      | Reached XP level 2. HP: 14/19 MP: 2/2
  1126 | D:2      | Reached XP level 3. HP: 23/23 MP: 3/3
  1411 | D:2      | Reached XP level 4. HP: 9/29 MP: 4/4
  1651 | D:2      | You fall through a shaft for 2 floors!
  1713 | D:4      | Found Cobull's Book Shop.
  1745 | D:4      | Found a radiant altar of Vehumet.
  1752 | D:4      | Found a staircase to the Ecumenical Temple.
  1778 | D:4      | HP: 2/43 [iguana (2)]
  1809 | Temple   | Entered the Ecumenical Temple
  2091 | D:4      | Reached XP level 5. HP: 22/33 MP: 5/5
  2348 | D:4      | Found a blossoming altar of Fedhas.
  2831 | D:4      | Reached XP level 6. HP: 26/39 MP: 6/6
  3147 | D:3      | Reached ** piety under Trog
  3437 | D:3      | Found a runed translucent door.
  3438 | D:3      | Noticed darkcelibi666's ghost (amateur MfFi)
  3447 | D:3      | Found a faded altar of an unknown god.
  3505 | D:3      | Killed darkcelibi666's ghost
  3830 | D:2      | Reached skill level 5 in Fighting
  3875 | D:2      | Reached XP level 7. HP: 38/44 MP: 7/7
  3945 | D:2      | Found a runed translucent door.
  3946 | D:2      | Noticed Crazy Yiuf
  4304 | D:2      | Killed Crazy Yiuf
  4598 | D:5      | Entered Level 5 of the Dungeon
  4600 | D:5      | Found an ancient bone altar of Kikubaaqudgha.
  4918 | D:4      | Reached *** piety under Trog
  5216 | D:5      | Reached skill level 5 in Armour
  5236 | D:5      | Reached XP level 8. HP: 14/51 MP: 8/8
  5473 | D:5      | Found a white marble altar of Elyvilon.
  5608 | D:5      | Found Ockuot's General Store.
  5620 | D:5      | Reached skill level 5 in Axes
  6621 | D:6      | Found Ydatsu's Food Shop.
  7294 | D:6      | Noticed a hippogriff
  7299 | D:6      | Killed a hippogriff
  7299 | D:6      | Reached XP level 9. HP: 53/56 MP: 9/9
  7585 | D:7      | Reached skill level 5 in Dodging
  7753 | D:7      | Found an iron altar of Okawaru.
  7754 | D:7      | Found a sacrificial altar of Ru.
  7992 | D:7      | Found an ancient bone altar of Kikubaaqudgha.
  7994 | D:7      | Found a hide-covered altar of Uskayaw.
  7994 | D:7      | Found a blossoming altar of Fedhas.
  7997 | D:7      | Found a deep blue altar of Sif Muna.
  7997 | D:7      | Found a stormy altar of Qazlal.
  7998 | D:7      | Found a glowing golden altar of the Shining One.
  8090 | D:8      | Reached **** piety under Trog
  8120 | D:8      | Found a glowing silver altar of Zin.
  8121 | D:8      | Noticed an oklob plant
  8897 | D:9      | Found Luumun's Book Boutique.
  9007 | D:9      | Found Papsyr's Gadget Emporium.
  9011 | D:9      | Found Ulaek's Antique Weapon Emporium.
  9025 | D:9      | Found a staircase to the Lair.
  9040 | D:9      | Reached XP level 10. HP: 60/64 MP: 10/10
  9222 | D:9      | Bought an encrusted battleaxe for 368 gold pieces
  9222 | D:9      | Identified the +9 battleaxe of Gitixia {chop, Str+3} (You
                  | bought it in a shop on level 9 of the Dungeon)
  9259 | D:9      | Found Vuirgh's Antique Weapon Boutique.
  9584 | D:9      | Noticed a five-headed hydra
  9584 | D:9      | Noticed a frost giant
  9586 | D:9      | Slain by a six-headed hydra

Skill      XL: |  1  2  3  4  5  6  7  8  9 10 |
---------------+-------------------------------+-----
Axes           | 3 4 5 6 7 |  7.4
Dodging        | 2 3 4 5 6 |  6.4
Armour         | 3 4 5 6 7 8 |  8.5
Fighting       | 4 5 6 8 |  8.9

Action                   |  1- 3 |  4- 6 |  7- 9 | 10-12 || total
-------------------------+-------+-------+-------+-------++-------
Melee: Hand axe          |    46 |   231 |   252 |       ||   529
       War axe           |       |       |   237 |    35 ||   272
       Battleaxe         |       |       |       |    16 ||    16
Invok: Berserk           |     1 |     2 |     8 |     1 ||    12
       Trog's Hand       |       |       |       |     1 ||     1
       Brothers in Arms  |       |       |       |     1 ||     1
  Use: Scroll            |       |       |    23 |     1 ||    24
  Eat: Chunk             |     3 |     6 |    24 |     4 ||    37
       Ration            |       |     1 |     1 |       ||     2
Armor: Animal skin       |    11 |     1 |       |       ||    12
       Plate armour      |       |   159 |   417 |    73 ||   649
Dodge: Dodged            |    40 |   106 |   333 |   124 ||   603
